 Dungeon Crawl Stone Soup version 0.30-a0-618-gd6c86c23d0 (webtiles) character file.

Game seed: 11997340760883746705

1962 acebull12 the Firebug (level 9, -6/65 HPs)
             Began as a Human Cinder Acolyte on Jan 9, 2023.
             Was a Believer of Jiyva.
             Mangled by a fire elemental (13 damage)
             ... created by the fiery vengeance of Ignis
             ... on level 7 of the Dungeon on Jan 10, 2023.
             The game lasted 00:25:01 (7690 turns).

acebull12 the Firebug (Human Cinder Acolyte)        Turns: 7690, Time: 00:25:02

Health: -6/65      AC:  5    Str: 17    XL:     9   Next: 42%
Magic:  17/18      EV: 11    Int: 16    God:    Jiyva [**....]
Gold:   424        SH:  0    Dex:  9    Spells: 16/20 levels left

rFire   . . .      SeeInvis +    s - +2 dagger (elec)
rCold   . . .      Faith    .    (no shield)
rNeg    . . .      Spirit   .    u - +1 leather armour of Amorality {Slay+2}
rPois   .          Reflect  .    p - +0 helmet
rElec   .          Harm     .    (no cloak)
rCorr   +          Rampage  .    (no gloves)
Will    .....                    (no boots)
Stlth   +                        (no amulet)
HPRegen 1.26/turn                F - ring of wizardry
MPRegen 0.46/turn                t - ring of see invisible

@: fire susceptible
A: no striking features
a: Renounce Religion


You were on level 7 of the Dungeon.
You worshipped Jiyva.
Jiyva was pleased with you.
You visited 1 branch of the dungeon, and saw 7 of its levels.
You also visited: Sewer.

You collected 424 gold pieces.

Inventory:

Hand Weapons
 a - a -1 falchion of flaming
 s - a +2 dagger of electrocution (weapon)
Missiles
 m - 39 stones (quivered)
 z - a throwing net
Armour
 p - a +0 helmet (worn)
 u - the +1 leather armour of Amorality (worn) {Slay+2}
   (You found it on level 3 of the Dungeon)

   Slay:      It affects your accuracy & damage with ranged weapons and melee
   (+2).
Jewellery
 i - a ring of willpower
 t - a ring of see invisible (right hand)
 F - a ring of wizardry (left hand)
Wands
 x - a wand of paralysis (12)
 A - a wand of mindburst (10)
Scrolls
 b - a scroll of amnesia
 c - a scroll of enchant weapon {unknown}
 d - a scroll of immolation {unknown}
 h - a scroll of vulnerability {unknown}
 l - 4 scrolls of teleportation
 q - 4 scrolls of enchant armour
 v - a scroll of silence {unknown}
 w - a scroll of blinking {unknown}
 y - a scroll of poison {unknown}
 D - a scroll of identify
 E - a scroll of fear {unknown}
Potions
 e - 5 potions of heal wounds
 f - a potion of brilliance
 g - 2 potions of attraction
 j - a potion of resistance
 k - 3 potions of might
 n - a potion of berserk rage
 o - 4 potions of lignification
 r - 2 potions of haste
 B - a potion of flight {unknown}
 C - a potion of magic


   Skills:
 + Level 3.6 Fighting
 + Level 0.4(2.0) Short Blades
 + Level 3.1 Long Blades
 + Level 2.3 Armour
 + Level 1.1 Dodging
 + Level 0.6 Stealth
 - Level 6.0 Spellcasting
 * Level 3.3 Transmutations
 * Level 7.9 Fire Magic
 * Level 3.0 Earth Magic


You had 16 spell levels left.
You knew the following spells:

 Your Spells              Type           Power      Damage    Failure   Level
a - Scorch                Fire           60%        2d8       1%          2
b - Passwall              Tmut/Erth      12%        N/A       2%          2

Your spell library contained the following spells:

 Spells                   Type           Power      Damage    Failure   Level
 Ensorcelled Hibernation  Hex/Ice        8%         N/A       10%         2
 Spider Form              Tmut/Pois      10%        N/A       10%         3
 Ozocubu's Armour         Ice            4%         N/A       19%         3
 Swiftness                Air            4%         N/A       19%         3
 Anguish                  Hex/Necr       2%         N/A       52%         4
 Metabolic Englaciation   Hex/Ice        2%         N/A       85%         5
 Simulacrum               Ice/Necr       2%         N/A       100%        6


Dungeon Overview and Level Annotations

Branches:
Dungeon (7/15)             Temple (0/1) D:5           Sewer (visited)

Altars:
Dithmenos
Gozag
Makhleb
Nemelex Xobeh
Okawaru
Sif Muna
Vehumet
The Shining One

Annotations:
D:2 1 runed translucent door, Crazy Yiuf
D:5 3 runed translucent doors, yumyumyeen's ghost, novice DsBe


Message History

HP restored.
You start resting.
Magic restored.
g - 2 potions of attraction (gained 1) As you open the door, it creaks loudly!
Found a dagger and a runed moonstone ring.
There is an open door here.
F - a ring of wizardry You're wearing all the rings you can.
Remove which one? (? for menu, Esc to cancel) < or
i - a ring of willpower; > or
t - a ring of see invisible You remove your ring of willpower.
F - a ring of wizardry (left hand)
Okay, then.
m - 39 stones (gained 6)
You open the door.
There is an open door here. "Attack, my last stalwart servants!" 3 fire elementals come into view.
There is an open door here.
The fire elemental hits you. The fire elemental burns you!
The fire elemental hits you. The fire elemental burns you!
The fire elemental closely misses you. The fire elemental closely misses you.
The fire elemental closely misses you.
Casting: Scorch (safe; 1% risk of failure)
Confirm with . or Enter, or press ? or * to list all spells.
Aiming: Passwall (safe; 2% risk of failure)
Press: ? - help, Dir - move target A rock wall.
The fire elemental closely misses you. The fire elemental hits you.
The fire elemental burns you! The fire elemental hits you.
The fire elemental burns you! The fire elemental hits you.
The fire elemental burns you!
* * * LOW HITPOINT WARNING * * *
The fire elemental hits you. The fire elemental burns you!
* * * LOW HITPOINT WARNING * * *
You begin to meditate on the wall.
You continue meditating on the rock.
The fire elemental hits you. The fire elemental burns you!
You die...

#.g..######.# #.#
#...........####+######
#.....#######....†....#
#.....#### #.........#
#...=....# #.........##
########.####..........#
#...).).........#
#...##########..#
#.#.#....@...#..#
#.#.#...EEE..'..#
#...#..°○°...#..#
##..#........#.##
##.#........#.#
#.#........#.#
#.'........#.#
#.#........#.#
#.##########.#


You could see 3 fire elementals.

Vanquished Creatures
  Grinder (D:6)
  Duvessa (D:4)
  A water moccasin (D:6)
  A black bear (D:5)
  A centaur (D:6)
  3 ogres
  2 phantoms
  2 bullfrogs (D:7)
  2 scorpions
  Dowan (D:4)
  3 jellies (Sewer)
  4 hounds
  An iguana (D:7)
  4 orc wizards
  7 gnolls
  8 adders
  5 river rats (Sewer)
  A white imp (D:7)
  4 ufetubi
  2 worms
  4 dart slugs
  21 orcs
  7 bats
  16 endoplasms
  5 giant cockroaches (Sewer)
  5 goblins
  2 hobgoblins
  2 jackals (D:1)
  4 quokkas
  9 ball pythons
  7 frilled lizards
  7 kobolds
  3 rats
146 creatures vanquished.

Vanquished Creatures (others)
  Sigmund (D:6)
  Menkaure (D:6)
  A jelly (D:6)
  An adder (D:6)
  4 gnolls (D:5)
  A shadow imp (D:5)
  23 foxfires (D:4)
32 creatures vanquished.

Grand Total: 178 creatures vanquished

Notes
Turn   | Place    | Note
-------+----------+-------------------------------------------
     0 | D:1      | acebull12 the Human Cinder Acolyte began the quest for the
                  | Orb.
     0 | D:1      | Reached XP level 1. HP: 18/18 MP: 2/2
   156 | D:1      | Reached XP level 2. HP: 24/24 MP: 3/3
   159 | D:1      | Learned a level 2 spell: Scorch
   714 | D:1      | Reached XP level 3. HP: 29/29 MP: 1/4
  1836 | D:2      | Found a runed translucent door.
  1837 | D:2      | Noticed Crazy Yiuf
  2126 | D:3      | Found a sparkling altar of Nemelex Xobeh.
  2152 | D:3      | Identified the +1 leather armour of Amorality {Slay+2}
  2428 | D:3      | Reached XP level 4. HP: 35/35 MP: 1/6
  2575 | D:3      | Found an iron altar of Okawaru.
  2617 | D:3      | Found a radiant altar of Vehumet.
  3012 | D:3      | Found a shadowy altar of Dithmenos.
  3336 | D:4      | Noticed a phantom
  3407 | D:4      | Killed a phantom
  3408 | D:4      | Reached skill level 4 in Fire Magic
  3408 | D:4      | Reached XP level 5. HP: 41/41 MP: 1/9
  3663 | D:3      | Reached XP level 6. HP: 38/47 MP: 1/11
  3909 | D:4      | Noticed Duvessa
  3909 | D:4      | Noticed Dowan
  3941 | D:4      | Killed Dowan
  3945 | D:4      | Killed Duvessa
  3946 | D:4      | Reached skill level 5 in Fire Magic
  3946 | D:4      | Reached XP level 7. HP: 10/52 MP: 2/13
  4608 | D:4      | Found a shimmering blue altar of Sif Muna.
  4608 | D:4      | Found a glowing golden altar of the Shining One.
  4616 | D:4      | Found a faded altar of an unknown god.
  4618 | D:4      | Found a faded altar of an unknown god.
  4620 | D:4      | Found an opulent altar of Gozag.
  4651 | D:4      | Reached skill level 1 in Armour
  4743 | D:5      | Entered Level 5 of the Dungeon
  4762 | D:5      | Learned a level 2 spell: Passwall
  4844 | D:5      | Found a staircase to the Ecumenical Temple.
  4968 | D:5      | Found a runed translucent gate.
  4968 | D:5      | Found a runed translucent gate.
  4968 | D:5      | Noticed yumyumyeen's ghost (novice DsBe)
  5042 | D:5      | Found a glowing drain.
  5046 | Sewer    | Entered a sewer
  5505 | Sewer    | Reached XP level 8. HP: 56/59 MP: 8/15
  5507 | Sewer    | Reached skill level 1 in Earth Magic
  5533 | Sewer    | Reached skill level 5 in Spellcasting
  5749 | Sewer    | Found a viscous altar of Jiyva.
  5759 | Sewer    | Fell from the grace of Ignis
  5759 | Sewer    | Became a worshipper of Jiyva Johask the Shapeless
  5887 | D:5      | Reached skill level 1 in Transmutations
  6115 | D:5      | Found a runed translucent gate.
  6195 | D:5      | You fall into a shaft and drop 2 floors!
  6205 | D:7      | Identified the +1 scale mail "Jedgheika" {Harm rN+ Int-2}
  6213 | D:7      | Found a burning altar of Makhleb.
  6225 | D:7      | Reached * piety under Jiyva
  6228 | D:7      | Reached skill level 6 in Fire Magic
  6350 | D:6      | Killed Sigmund
  6391 | D:6      | Reached XP level 9. HP: 59/64 MP: 15/18
  6431 | D:6      | Killed Menkaure
  6472 | D:6      | Reached skill level 7 in Fire Magic
  6505 | D:6      | Noticed Grinder
  6547 | D:6      | Killed Grinder
  6551 | D:6      | Reached skill level 1 in Dodging
  6595 | D:6      | Reached ** piety under Jiyva
  7343 | D:5      | You fall into a shaft and drop 1 floor!
  7690 | D:7      | Mangled by a fire elemental

Illustrated notes

Levels and vault maps discovered:
D:1:      minmay_arrival_up_and_down, layout_rooms, nicolae_wormholes
D:2:      layout_basic, hex_intersection, uniq_crazy_yiuf_cottage
D:3:      minmay_general_purpose_star, layout_basic,
          nicolae_dithmenos_through_a_glass_darkly,
          mainiacjoe_overflow_brackets, jmf_multi_god_temple
D:4:      layout_rooms, chequers_temple_overflow_minitemple, uniq_duvessa
D:5:      layout_basic, minmay_temple_entry_stoned_glass, gammafunk_ghost_split,
          gup_sewer_entry_bowl, serial_rivers, chequers_serial_rivers_room_b,
          chequers_serial_rivers_marsh, chequers_serial_rivers_room_b,
          chequers_serial_rivers_small_b
D:6:      layout_loops_cross, amcnicky_mini_corridor_feature, uniq_menkaure,
          uniq_sigmund, uniq_grinder
D:7:      layout_basic, lemuel_round_altar, minivault_25,
          eino_small_chamber_without_monster

Skill      XL: |  1  2  3  4  5  6  7  8  9 |
---------------+----------------------------+-----
Spellcasting   | 3 4 6 |  6.0
Fire Magic     | 4 5 6 7 |  7.9
Armour         | 2 |  2.3
Earth Magic    | 2 3 |  3.0
Transmutations | 2 3 |  3.3
Dodging        | 1 |  1.1
Fighting       | |  3.6
Short Blades   | |  0.4
Long Blades    | |  3.1
Stealth        | |  0.6

Action                   |  1- 3 |  4- 6 |  7- 9 || total
-------------------------+-------+-------+-------++-------
Melee: Falchion          |    44 |       |       ||    44
       Dagger            |       |    27 |    54 ||    81
       Punch             |       |     2 |       ||     2
 Cast: Scorch            |    29 |    36 |   128 ||   193
       Passwall          |       |       |     1 ||     1
Invok: Foxfire Swarm     |       |     1 |       ||     1
       Fiery Armour      |       |     1 |       ||     1
  Use: Scroll            |       |       |    11 ||    11
Armor: Robe              |    17 |       |       ||    17
       Leather armour    |       |     7 |    33 ||    40
Dodge: Dodged            |    29 |    13 |    70 ||   112

Table legend: (Time is in decaauts)
 A = Elapsed time spent in this place.
 B = Non-inter-level travel time spent in this place.
 C = Inter-level travel time spent in this place.
 D = Time resting spent in this place.
 E = Time spent auto-exploring this place.
 F = Levels seen in this place.
 G = Mean time per level.
                   A        B        C        D        E       F      G
               +--------+--------+--------+--------+--------+-----+--------+
         Total |   7730 |   7125 |    605 |   1240 |   4452 |   8 |  966.2 |
       Dungeon |   6932 |   6327 |    605 |    727 |   4380 |   7 |  990.3 |
         Sewer |    798 |    798 |      0 |    513 |     71 |   1 |  798.0 |
               +--------+--------+--------+--------+--------+-----+--------+

Top non-repeatable levels by time:
     D:3: 1645 daAuts
     D:2: 1168 daAuts
     D:4: 1166 daAuts
     D:5: 963 daAuts
     D:1: 887 daAuts
     D:6: 820 daAuts
   Sewer: 798 daAuts
     D:7: 280 daAuts
